 Dungeon Crawl Stone Soup version 0.26.0-18-gc5c842f807 (webtiles) character file.

Game seed: 3916784557160248971

488098 gimp the Severer (level 23, -2/212 HPs)
             Began as a Palentonga Fighter on Jan 23, 2021.
             Was the Champion of Okawaru.
             Collided with an unnaturally hard rock wall (19 damage)
             ... caused by an ancient lich
             ... on level 10 of a ziggurat.
             The game lasted 01:40:30 (47278 turns).

gimp the Severer (Palentonga Fighter)              Turns: 47278, Time: 01:40:31

Health: -2/212     AC: 55    Str: 29    XL:     23   Next: 53%
Magic:  33/35      EV: 12    Int:  9    God:    Okawaru [******]
Gold:   4300       SH: 14    Dex: 13    Spells: 22/22 levels left

rFire    + + +     SeeInvis +   a - +8 broad axe (elec)
rCold    + + +     Faith    .   h - +0 kite shield of Dotwash {*Contam rC+ Will++ SInv}
rNeg     + . .     Spirit   .   g - +11 gold dragon scales
rPois    +         Reflect  .   U - +1 hat of Wu Jian's Grace {-Cast Regen+ rCorr SInv}
rElec    +         Harm     .   Y - scarf {shadows}
rCorr    +         Rampage  .   M - +2 pair of gloves {Str+3}
Will     +++..     NoCast   +   X - +2 barding {rF+}
Stlth    ..........             s - amulet of the Turtledove {rPois rC+ rN+ Regen+}
HPRegen  1.25/turn              c - ring "Qyugusm" {*Corrode rElec MP+9 Slay+5 Stlth+}
MPRegen  0.24/turn              n - ring of protection from fire

@: heroism, curled up
A: large, rugged brown scales 3, see invisible, deformed body, low mp 1, roll 1,
armoured tail, reflexive curl
}: 3/15 runes: decaying, silver, gossamer
a: Rolling Charge, Renounce Religion, Heroism, Finesse


You were on level 10 of a ziggurat.
You worshipped Okawaru.
Okawaru was exalted by your worship.
You visited 8 branches of the dungeon, and saw 40 of its levels.
You visited 1 ziggurat, and saw 10 of its levels.
You also visited: Bailey, Ice Cave and Desolation.

You collected 5901 gold pieces.
You spent 1601 gold pieces at shops.

Inventory:

Hand Weapons
 a - a +8 broad axe of electrocution (weapon)
 b - the +8 broad axe of Annihilation {antimagic, rPois}
   (You found it on level 3 of a ziggurat)

   It reduces the magical energy of the wielder, and disrupts the spells and
   magical abilities of those hit.
   Natural abilities and divine invocations are not affected.
   It protects you from poison.
 T - a +5 vorpal broad axe
Missiles
 y - 71 poisoned darts
 B - 18 curare-tipped darts
 G - 18 silver javelins
 L - a throwing net
 N - 8 javelins (quivered)
Armour
 g - +11 gold dragon scales (worn)
 h - the +0 kite shield of Dotwash (worn) {*Contam rC+ Will++ SInv}
   (You bought it in a shop on level 7 of the Dungeon)

   It protects you from cold.
   It affects your willpower, your defense against some magical effects.
   It lets you see invisible.
   It causes magical contamination when unequipped.
 M - a +2 pair of gloves of strength (worn)
 U - the +1 hat of Wu Jian's Grace (worn) {-Cast Regen+ rCorr SInv}
   (You found it on level 11 of the Dungeon)

   It lets you see invisible.
   It prevents spellcasting.
   It increases your rate of regeneration.
   It provides partial protection from all sources of acid and corrosion.
 X - a +2 barding of fire resistance (worn)
 Y - a scarf of shadows (worn)
Jewellery
 c - the ring "Qyugusm" (left hand) {*Corrode rElec MP+9 Slay+5 Stlth+}
   (You found it in the Desolation of Salt)

   [ring of magical power]

   It affects your accuracy and damage with ranged weapons and melee attacks
   (+5).
   It insulates you from electricity.
   It affects your magic capacity (+9).
   It may corrode you when you take damage.
   It makes you more stealthy.
 n - a ring of protection from fire (right hand)
 s - the amulet of the Turtledove (around neck) {rPois rC+ rN+ Regen+}
   (You found it on level 11 of the Dungeon)

   [amulet of regeneration]

   It protects you from cold.
   It protects you from poison.
   It protects you from negative energy.
   It increases your rate of regeneration.
 u - an uncursed ring of willpower
 F - the ring of Xom's Full Attention {rN+ Str+4 Int+6}
   (You found it on level 2 of the Depths)

   [ring of positive energy]

   It affects your strength (+4).
   It affects your intelligence (+6).
   It protects you from negative energy.
Wands
 j - a wand of enslavement (21)
 D - a wand of iceblast (31)
 E - a wand of digging (20)
 I - a wand of flame (82)
 R - a wand of acid (20)
Scrolls
 i - 15 scrolls of remove curse
 m - 10 scrolls of fog
 o - 7 scrolls of magic mapping
 q - 11 scrolls of amnesia
 r - 16 scrolls of teleportation
 v - a scroll of silence
 z - 11 scrolls of identify
 A - 10 scrolls of blinking
 O - 7 scrolls of fear
 W - 2 scrolls of summoning
Potions
 d - 5 potions of might
 e - 6 potions of ambrosia
 f - 2 potions of haste
 k - 4 potions of heal wounds
 p - 10 potions of mutation
 w - 17 potions of curing
 K - 5 potions of flight
 Q - 3 potions of magic
 S - 3 potions of resistance
Miscellaneous
 x - a phantom mirror
 C - a box of beasts
 H - a lightning rod (4/4)
 J - a tin of tremorstones (2/2)
 P - a condenser vane


   Skills:
 + Level 15.3(20.3) Fighting
 - Level 20.0(25.0) Axes
 + Level 12.2(17.2) Throwing
 - Level 19.0(24.0) Armour
 - Level 14.0(19.0) Dodging
 - Level 9.0(14.0) Shields
 - Level 8.0 Invocations
 - Level 11.0 Evocations


You had 22 spell levels left.
You didn't know any spells.
Your spell library contained the following spells:

 Spells                   Type           Power        Failure   Level
 Animate Skeleton         Necr           0%           96%         1
 Apportation              Tloc           0%           96%         1
 Corona                   Hex            0%           96%         1
 Foxfire                  Conj/Fire      0%           96%         1
 Magic Dart               Conj           0%           96%         1
 Pain                     Necr           0%           96%         1
 Sandblast                Erth           0%           96%         1
 Shock                    Conj/Air       0%           96%         1
 Sting                    Tmut/Pois      0%           96%         1
 Summon Small Mammal      Summ           0%           96%         1
 Blink                    Tloc           N/A          99%         2
 Call Imp                 Summ           0%           99%         2
 Corpse Rot               Necr/Air       N/A          99%         2
 Ensorcelled Hibernation  Hex/Ice        0%           99%         2
 Passwall                 Tmut/Erth      0%           99%         2
 Poisonous Vapours        Pois/Air       0%           99%         2
 Searing Ray              Conj           0%           99%         2
 Slow                     Hex            0%           99%         2
 Sublimation of Blood     Necr           0%           99%         2
 Swiftness                Air            0%           99%         2
 Conjure Flame            Conj/Fire      0%           100%        3
 Dazzling Flash           Conj/Hex       0%           100%        3
 Ignite Poison            Fire/Tmut/Pois 0%           100%        3
 Inner Flame              Hex/Fire       0%           100%        3
 Mephitic Cloud           Conj/Pois/Air  0%           100%        3
 Portal Projectile        Hex/Tloc       0%           100%        3
 Static Discharge         Conj/Air       0%           100%        3
 Stone Arrow              Conj/Erth      0%           100%        3
 Vampiric Draining        Necr           0%           100%        3
 Airstrike                Air            0%           100%        4
 Animate Dead             Necr           0%           100%        4
 Cause Fear               Hex            0%           100%        4
 Dispel Undead            Necr           0%           100%        4
 Fulminant Prism          Conj/Hex       0%           100%        4
 Ice Form                 Ice/Tmut       0%           100%        4
 Iskenderun's Mystic Bla  Conj/Tloc      0%           100%        4
 Leda's Liquefaction      Hex/Erth       0%           100%        4
 Olgreb's Toxic Radiance  Pois           0%           100%        4
 Passage of Golubria      Tloc           N/A          100%        4
 Petrify                  Tmut/Erth      0%           100%        4
 Sticky Flame             Conj/Fire      0%           100%        4
 Agony                    Necr           0%           100%        5
 Bolt of Magma            Conj/Fire/Erth 0%           100%        5
 Borgnjor's Vile Clutch   Necr/Erth      0%           100%        5
 Excruciating Wounds      Necr           0%           100%        5
 Fireball                 Conj/Fire      0%           100%        5
 Iskenderun's Battlesphe  Conj           0%           100%        5
 Lee's Rapid Deconstruct  Erth           0%           100%        5
 Lightning Bolt           Conj/Air       0%           100%        5
 Silence                  Hex/Air        0%           100%        5
 Summon Demon             Summ           0%           100%        5
 Summon Forest            Summ/Tloc      0%           100%        5
 Summon Mana Viper        Hex/Summ       0%           100%        5
 Conjure Ball Lightning   Conj/Air       0%           100%        6
 Freezing Cloud           Conj/Ice/Air   0%           100%        6
 Invisibility             Hex            0%           100%        6
 Iron Shot                Conj/Erth      0%           100%        6
 Shadow Creatures         Summ           N/A          100%        6
 Statue Form              Tmut/Erth      0%           100%        6
 Haunt                    Necr/Summ      0%           100%        7
 Orb of Destruction       Conj           0%           100%        7
 Spellforged Servitor     Conj/Summ      0%           100%        7
 Summon Hydra             Summ           0%           100%        7
 Borgnjor's Revivificati  Necr           0%           100%        8
 Infestation              Necr           0%           100%        8
 Necromutation            Tmut/Necr      0%           100%        8
 Death's Door             Necr           0%           100%        9
 Shatter                  Erth           0%           100%        9
 Tornado                  Air            0%           100%        9


Dungeon Overview and Level Annotations

Branches:
Dungeon (15/15)            Temple (1/1) D:6            Lair (6/6) D:8
  Swamp (4/4) Lair:4       Spider (4/4) Lair:2        Slime (0/5) Lair:5
    Orc (2/2) D:12            Elf (0/3) Orc:2        Vaults (5/5) D:13
  Crypt (0/3) Vaults:3     Depths (3/5) D:15         Bailey (visited)
  IceCv (visited)         Desolation (visited)

Altars:
Ashenzari
Cheibriados
Dithmenos
Elyvilon
Fedhas
Gozag
Hepliaklqana
Kikubaaqudgha
Makhleb
Nemelex Xobeh
Okawaru
Qazlal
Ru
Sif Muna
Trog
Uskayaw
Vehumet
Wu Jian
Xom
Yredelemnul
Zin
The Shining One
Beogh
Jiyva

Shops:
D:7 [   Orc:1 (   Orc:2 =*[:::(:?   Vaults:2 ?   Vaults:3 =

Portals:
Hell: Depths:1 Depths:2 Depths:3
Abyss: Depths:1
Pandemonium: Depths:1
Trove: Vaults:2 (give 6 scrolls of blinking)

Annotations:
D:11 exclusion: door
Lair:5 1 runed translucent door
Lair:6 exclusion: 3 oklob plants


Innate Abilities, Weirdness & Mutations

You are completely covered in rugged brown scales. (AC +3, +7% HP)
You have supernaturally acute eyesight. (SInv)
Armour fits poorly on your strangely shaped body.
You can roll at nearby foes to attack.
You have a long armoured tail.
You curl defensively after being hit.
Your magical capacity is low. (-10% MP)


Message History

You block the Brimstone Fiend's attack.
The Ice Fiend claws you but does no damage.
You block the Ice Fiend's attack.
The ancient lich touches you but does no damage.
You regained 25 hp, and now have 67/212 hp.
You gain the combat prowess of a mighty hero.
The Tzitzimitl gestures at you. The bolt of cold hits you! You resist.
* * * LOW HITPOINT WARNING * * *
The Brimstone Fiend calls on the powers of darkness!
Your body is wracked with pain!
* * * LOW HITPOINT WARNING * * *
The Ice Fiend gestures at you. The bolt of cold misses you.
The ancient lich points at you and mumbles some strange words.
The lance of force hits you!
* * * LOW HITPOINT WARNING * * *
You are knocked back by the lance of force.
You slam into the unnaturally hard rock wall!
You die...

▓▓▓▓▓▓▓▓▓▓
.........▓▓
..........▓▓
...........▓▓
.....)......▓▓
.....111.....▓▓
.....L((....∩@▓
.....))).....▓▓
............▓▓
...........▓▓
..........▓▓
.........▓▓
▓▓▓▓▓▓▓▓▓▓


You could see a Brimstone Fiend (summoned).

Vanquished Creatures
  Mara (Vaults:4)
  An ancient lich (Vaults:5)
  Sojobo (Vaults:5)
  A royal mummy (Zig:6)
  A shard shrike (Zig:9)
  Saint Roka (Vaults:3)
  Xtahua (Vaults:5)
  A golden dragon (Vaults:5)
  3 liches
  A tentacled monstrosity (Vaults:5)
  An Ice Fiend (Zig:9)
  Asterion (Spider:2)
  4 titans
  3 quicksilver dragons (Vaults:5)
  2 sphinxes
  3 acid blobs (Depths:2)
  Kirke (Lair:6)
  A storm dragon (Zig:10)
  8 tengu reavers
  A shadow dragon (Vaults:5)
  7 fire giants
  2 draconian monks (Zig:8)
  An azure jelly (Depths:2)
  A nagaraja (Zig:3)
  17 vault wardens
  6 emperor scorpions
  4 ghost moths
  A caustic shrike zombie (Zig:6)
  Louise (Swamp:3)
  An imperial myrmidon (Desolation)
  6 frost giants
  2 draconian stormcallers (Zig:8)
  A draconian annihilator (Zig:8)
  17 ironheart preservers
  2 war gargoyles (Vaults:5)
  A deep elf elementalist (Vaults:5)
  2 reapers (Zig:9)
  19 stone giants
  7 very ugly things
  A vampire knight (Depths:3)
  2 black draconians (Zig:8)
  3 halazid warlocks (Desolation)
  A white draconian (Zig:8)
  3 deep elf demonologists
  8 entropy weavers
  The ghost of dredge the Carver, a journeyman MiBe of Trog (D:13)
  4 spark wasps
  A yellow draconian (Zig:8)
  3 eleionomae
  A bunyip (Swamp:2)
  11 ettins
  A mummy priest (Zig:6)
  2 crystal guardians (Desolation)
  5 blizzard demons
  A deep elf death mage (Vaults:5)
  5 fire dragons
  13 yaktaur captains
  6 great orbs of eyes
  A great orb of eyes (shapeshifter) (Zig:4)
  27 vault guards
  Fannar (Lair:2)
  7 servants of whispers (Desolation)
  2 ghost crabs
  3 deep elf high priests
  10 ice dragons
  3 peacekeepers (Desolation)
  4 rakshasas
  8 ragged hierophants (Desolation)
  21 hydras
  8 boulder beetles
  Erolcha (D:10)
  A spriggan air mage (Depths:3)
  3 catoblepae (Lair:6)
  8 centaur warriors
  An anaconda (Zig:3)
  11 alligators
  A merfolk aquamancer (Zig:1)
  8 death scarabs (Spider:4)
  13 death yaks
  A dancing weapon (Vaults:5)
  A titan zombie (Zig:9)
  2 tengu warriors
  A two-headed ogre (shapeshifter) (Zig:4)
  4 vampire magi
  8 deep troll shamans
  3 death knights
  11 ogre magi
  28 two-headed ogres
  An alligator (shapeshifter) (Vaults:4)
  An orc high priest (Orc:2)
  2 deep troll earth magi (Depths:2)
  A spriggan berserker (Depths:2)
  The ghost of promet the Grappler, a novice TrMo of Wu Jian (D:8)
  8 deep elf knights
  A soul eater (Vaults:3)
  10 skeletal warriors
  2 shadow wraiths
  3 iron trolls (Depths:2)
  4 unseen horrors
  A spectral emperor scorpion (Spider:4)
  7 goliath frogs
  A death drake (shapeshifter) (Zig:10)
  2 flayed ghosts
  5 spriggan druids
  6 bog bodies
  29 deep trolls
  15 swamp dragons
  A deep elf archer (Vaults:1)
  3 obsidian statues
  Pikel (D:8)
  19 ironbrand convokers
  2 orange crystal statues
  4 necromancers
  7 wizards
  12 orc knights
  7 harpies
  3 phantasmal warriors
  9 orb spiders
  A stone giant zombie (Vaults:4)
  3 spectral wolf spiders (Spider:4)
  A salamander (shapeshifter) (D:14)
  A wolf spider zombie (Spider:4)
  8 deep elf magi
  4 will-o-the-wisps
  21 wolf spiders
  43 ugly things
  12 cyclopes
  An oklob plant (D:13)
  3 orc sorcerers
  2 manticores (Lair:6)
  9 elephants
  A moth of wrath (Spider:4)
  A stone giant skeleton (Vaults:4)
  A human skeleton (Vaults:4)
  Maurice (D:12)
  2 black mambas (shapeshifter)
  5 black mambas
  3 centaur zombies
  2 eyes of devastation (Depths:2)
  2 guardian serpents (shapeshifter)
  A frost giant skeleton (Zig:6)
  10 ice statues
  2 apocalypse crabs (Zig:4)
  4 guardian serpents (Desolation)
  3 molten gargoyles
  A gargoyle (D:15)
  3 torpor snails
  26 vault sentinels
  A cane toad (shapeshifter) (Vaults:1)
  5 spectral swamp worms (Depths:1)
  2 rime drakes (shapeshifter)
  16 cane toads
  24 yaktaurs
  12 komodo dragons
  9 freezing wraiths
  A yaktaur (shapeshifter) (D:14)
  3 rime drakes
  12 demonic crawlers
  2 redback zombies (Spider:4)
  4 spectral redbacks (Spider:4)
  A tengu conjurer (D:15)
  12 ice devils
  A queen bee (shapeshifter) (D:13)
  3 guardian mummies (Zig:6)
  9 trolls
  A jumping spider (shapeshifter) (Zig:10)
  35 jumping spiders
  6 tyrant leeches
  6 polar bears
  A polar bear (shapeshifter) (D:15)
  A bloated husk (Swamp:3)
  4 merfolk (Zig:1)
  A meliai (D:13)
  6 spectral tarantellas (Spider:4)
  Grinder (D:4)
  22 slime creatures
  3 spectral jumping spiders (Spider:4)
  16 hornets
  2 jumping spider zombies (Spider:4)
  A harpy skeleton (D:15)
  A hornet (shapeshifter) (Depths:2)
  48 saltlings (Desolation)
  2 tarantella zombies (Spider:4)
  24 blink frogs
  A spriggan zombie (Zig:9)
  A meliai zombie (D:13)
  21 tarantellas
  57 yaks
  11 spriggans
  2 tarantellas (shapeshifter)
  A vampire (D:14)
  A spriggan (shapeshifter) (Vaults:4)
  A yak (shapeshifter) (Vaults:3)
  3 water elementals
  4 wyverns
  2 shadows
  82 redbacks
  A hog (shapeshifter) (D:13)
  2 basilisks
  4 wraiths
  A steam dragon (D:14)
  A golden eye (Depths:2)
  A human (shapeshifter) (Depths:2)
  2 chaos spawn (Zig:4)
  3 vampire mosquitoes (Swamp:1)
  3 acid dragons
  A soldier ant (shapeshifter) (Vaults:5)
  Edmund (D:6)
  3 wargs
  9 swamp worms
  Duvessa (D:6)
  3 spectral hornets (Spider:4)
  A floating eye (Depths:3)
  20 water moccasins
  7 swamp drakes
  2 eyes of draining
  28 orc warriors
  4 sky beasts
  A hornet zombie (Spider:4)
  10 ice beasts
  A black bear (shapeshifter) (Vaults:4)
  2 black bears
  A human zombie (Vaults:4)
  41 ogres
  An eye of draining (shapeshifter) (Vaults:2)
  4 phantoms
  A necrophage (D:10)
  A boggart (Vaults:2)
  5 centaurs
  13 wolves
  4 lemures (D:7)
  A big kobold (D:8)
  Blork the orc (D:6)
  21 bullfrogs
  A glowing shapeshifter simulacrum (Vaults:2)
  4 scorpions
  A water moccasin skeleton (D:12)
  Dowan (D:6)
  14 killer bees
  A howler monkey (D:5)
  19 wights
  4 electric eels
  5 lava snakes (Lair:5)
  5 quasits
  3 bullfrog skeletons
  2 draconian simulacra (IceCv)
  7 jellies
  6 hounds
  8 orc priests
  5 centaur skeletons
  17 orc wizards
  6 iguanas
  2 troll simulacra (IceCv)
  9 worker ants
  2 centaur simulacra
  3 hound skeletons
  5 mummies (Zig:6)
  A howler monkey zombie (D:8)
  An ogre simulacrum (IceCv)
  7 gnolls (D:4)
  2 worker ant zombies
  18 adders
  4 naga simulacra (IceCv)
  6 white imps
  2 ufetubi
  An adder skeleton (D:6)
  A worm (D:2)
  3 dart slugs (D:1)
  5 leopard geckos
  109 orcs
  7 bats
  5 giant cockroaches
  8 goblins
  10 hobgoblins
  5 jackals
  6 quokkas
  3 ball pythons
  4 frilled lizards
  2 jackal zombies
  8 kobolds
  A leopard gecko skeleton (D:6)
  A leopard gecko zombie (D:7)
  10 rats
1804 creatures vanquished.

Vanquished Creatures (others)
  A tengu reaver (Vaults:5)
  An ettin (Vaults:5)
  A death knight (D:11)
  A shadow wraith (Zig:10)
  A jumping spider (Spider:1)
  3 bloated husks
  A tyrant leech (Swamp:4)
  A saltling (Desolation)
  5 humans (Lair:6)
  An orc warrior (Vaults:4)
  An ogre (Vaults:5)
  An orc wizard (D:13)
  22 foxfires
  43 fungi
  45 plants
128 creatures vanquished.

Grand Total: 1932 creatures vanquished

Notes
Turn   | Place    | Note
-------+----------+-------------------------------------------
     0 | D:1      | gimp the Palentonga Fighter began the quest for the Orb.
     0 | D:1      | Reached XP level 1. HP: 20/20 MP: 1/1
   147 | D:1      | Reached XP level 2. HP: 25/27 MP: 2/2
  1157 | D:2      | Reached XP level 3. HP: 22/33 MP: 3/3
  1313 | D:2      | Reached skill level 3 in Axes
  1744 | D:2      | Found a hide-covered altar of Uskayaw.
  1925 | D:3      | Found a glowing golden altar of the Shining One.
  2043 | D:3      | Reached XP level 4. HP: 29/40 MP: 4/4
  2874 | D:4      | Noticed Grinder
  2978 | D:4      | Killed Grinder
  2979 | D:4      | Reached skill level 4 in Axes
  2979 | D:4      | Reached XP level 5. HP: 41/48 MP: 3/5
  2979 | D:4      | Reached XP level 6. HP: 46/54 MP: 3/6
  3039 | D:4      | Reached skill level 5 in Axes
  3767 | D:4      | Gained mutation: You curl defensively after being hit.
                  | [Palentonga growth]
  3767 | D:4      | Reached XP level 7. HP: 51/60 MP: 7/7
  3839 | D:4      | Found a shadowy altar of Dithmenos.
  4007 | D:5      | Entered Level 5 of the Dungeon
  4252 | D:5      | Reached skill level 6 in Axes
  5502 | D:5      | Reached XP level 8. HP: 42/67 MP: 6/8
  5829 | D:5      | Reached skill level 7 in Axes
  5989 | D:6      | Noticed Edmund
  6010 | D:6      | Killed Edmund
  6150 | D:6      | Found a broken altar of Ashenzari.
  6206 | D:6      | Reached skill level 5 in Armour
  6217 | D:6      | Reached skill level 5 in Shields
  6537 | D:6      | Reached skill level 8 in Axes
  6647 | D:6      | Noticed Dowan
  6647 | D:6      | Noticed Duvessa
  6648 | D:6      | Noticed Blork the orc
  6684 | D:6      | Killed Dowan
  6686 | D:6      | Killed Blork the orc
  6687 | D:6      | Killed Duvessa
  6870 | D:6      | Found a staircase to the Ecumenical Temple.
  6879 | Temple   | Entered the Ecumenical Temple
  6991 | Temple   | Became a worshipper of Warmaster Okawaru
  7480 | D:7      | Found Ygagopn's Armour Shop.
  7496 | D:7      | Bought the +0 kite shield of Dotwash {*Contam rC+ Will++
                  | SInv} for 306 gold pieces
  7584 | D:7      | Identified the cursed +0 kite shield of Qazic {Stlth+} (You
                  | found it on level 7 of the Dungeon)
  7649 | D:7      | Reached XP level 9. HP: 73/73 MP: 9/9
  8246 | D:8      | Noticed a death yak
  8246 | D:8      | Noticed a death yak
  8253 | D:8      | Noticed a death yak
  8264 | D:8      | Noticed a death yak
  8264 | D:8      | Noticed a death yak
  8282 | D:7      | Killed a death yak
  8282 | D:7      | Reached * piety under Okawaru
  8283 | D:7      | Reached skill level 9 in Axes
  8306 | D:8      | Noticed Pikel
  8499 | D:8      | Killed Pikel
  8500 | D:8      | Reached skill level 10 in Axes
  8546 | D:8      | Reached ** piety under Okawaru
  8655 | D:7      | Killed a death yak
  8656 | D:7      | Reached XP level 10. HP: 33/82 MP: 5/10
  9306 | D:7      | Killed a death yak
  9306 | D:7      | Reached *** piety under Okawaru
  9551 | D:7      | Killed a death yak
  9552 | D:7      | Reached skill level 11 in Axes
  9897 | D:7      | Killed a death yak
 10095 | D:8      | Found a staircase to the Lair.
 10724 | D:8      | Reached **** piety under Okawaru
 10739 | D:8      | Noticed a two-headed ogre
 10791 | D:8      | Killed a two-headed ogre
 11019 | D:8      | Identified the cursed +0 morningstar "Eviscerator" {holy,
                  | Will+}
 11019 | D:8      | Identified the +2 chain mail of Twilight {rC+ Will+ Int+4
                  | Stlth-}
 11021 | D:8      | Noticed promet's ghost (novice TrMo)
 11021 | D:8      | Found a runed translucent gate.
 11021 | D:8      | Found a runed translucent gate.
 11021 | D:8      | Found a runed translucent gate.
 11025 | D:8      | Found a roughly hewn altar of Beogh.
 11327 | D:9      | Reached skill level 12 in Axes
 11327 | D:9      | Reached XP level 11. HP: 78/87 MP: 9/11
 11427 | D:9      | Reached skill level 1 in Invocations
 11443 | D:9      | Reached ***** piety under Okawaru
 11742 | D:9      | Found a shimmering altar of Xom.
 12035 | D:10     | Entered Level 10 of the Dungeon
 12195 | D:10     | Noticed a two-headed ogre
 12217 | D:10     | Killed a two-headed ogre
 12749 | D:10     | Noticed an unseen horror
 12767 | D:10     | Killed an unseen horror
 13010 | D:11     | Noticed a purple ugly thing
 13028 | D:11     | Killed a purple ugly thing
 13028 | D:11     | Received a gift from Okawaru
 13030 | D:11     | Reached skill level 5 in Invocations
 13042 | D:11     | Noticed a two-headed ogre
 13061 | D:11     | Noticed a boulder beetle
 13080 | D:11     | Noticed a green ugly thing
 13080 | D:11     | Noticed Erolcha
 13093 | D:11     | Killed a two-headed ogre
 13107 | D:10     | Killed Erolcha
 13108 | D:10     | Reached skill level 13 in Axes
 13251 | D:11     | Killed a green ugly thing
 13256 | D:11     | Noticed a death knight
 13278 | D:11     | Reached XP level 12. HP: 32/95 MP: 16/16
 13306 | D:11     | Found a flagged portal.
 13319 | Bailey   | Entered a bailey
 13784 | Bailey   | Identified the ring "Darchy Mogu" {Ice *Slow rPois Dex+4
                  | Stlth+}
 13952 | D:11     | Received a gift from Okawaru
 14340 | D:11     | Found a broken altar of Ashenzari.
 14348 | D:11     | Killed a death knight
 14631 | Lair:1   | Entered Level 1 of the Lair of Beasts
 15023 | Lair:1   | Received a gift from Okawaru
 15028 | Lair:1   | Identified the +9 hand axe of the Gloaming {vorpal, +Inv
                  | Str+2 Int+4} (Okawaru gifted it to you on level 1 of the
                  | Lair of Beasts)
 16254 | Lair:2   | Noticed Fannar
 16287 | Lair:2   | Killed Fannar
 16682 | Lair:2   | Reached skill level 14 in Axes
 17058 | Lair:2   | Noticed a death yak
 17058 | Lair:2   | Noticed a death yak
 17079 | Lair:2   | Killed a death yak
 17080 | Lair:2   | Reached skill level 1 in Throwing
 17091 | Lair:2   | Received a gift from Okawaru
 17113 | Lair:2   | Killed a death yak
 17373 | Lair:2   | Noticed a fire dragon
 17399 | Lair:2   | Killed a fire dragon
 17841 | Lair:2   | Found a hole to the Spider Nest.
 18117 | Lair:3   | Noticed an eight-headed hydra
 18120 | Lair:3   | Noticed a boulder beetle
 18129 | Lair:3   | Killed a two-headed hydra
 18130 | Lair:3   | Reached XP level 13. HP: 80/102 MP: 13/19
 19385 | Lair:4   | Identified the cursed +0 ring mail of Going Fast {rPois rN+
                  | Regen+ Int-2} (You found it on level 4 of the Lair of
                  | Beasts)
 19483 | Lair:4   | Received a gift from Okawaru
 19861 | Lair:4   | Reached skill level 5 in Fighting
 20296 | Lair:4   | Reached skill level 15 in Axes
 20339 | Lair:4   | Found a staircase to the Swamp.
 21019 | Lair:5   | Received a gift from Okawaru
 21366 | Lair:5   | Reached skill level 10 in Armour
 21547 | Lair:5   | Found a runed translucent door.
 21549 | Lair:5   | Found a viscous altar of Jiyva.
 21550 | Lair:5   | Found a staircase to the Slime Pits.
 21827 | Lair:6   | Entered Level 6 of the Lair of Beasts
 21972 | Lair:6   | Reached XP level 14. HP: 116/117 MP: 18/20
 22010 | Lair:6   | Noticed Kirke
 22023 | Lair:6   | Killed Kirke
 22439 | Lair:6   | Received a gift from Okawaru
 22516 | Lair:6   | Reached skill level 16 in Axes
 22588 | Lair:6   | Reached ****** piety under Okawaru
 22803 | Lair:6   | Received a gift from Okawaru
 23083 | Lair:6   | Reached skill level 5 in Throwing
 24117 | D:11     | Found a runed translucent door.
 24137 | D:11     | Identified the +1 hat of Wu Jian's Grace {-Cast Regen+
                  | rCorr SInv} (You found it on level 11 of the Dungeon)
 24197 | D:11     | Identified the amulet of the Turtledove {rPois rC+ rN+
                  | Regen+} (You found it on level 11 of the Dungeon)
 24321 | D:12     | Found a staircase to the Orcish Mines.
 24487 | D:12     | Noticed Maurice
 24498 | D:12     | Killed Maurice
 24994 | D:13     | Found a transporter.
 24995 | D:13     | Noticed dredge's ghost (journeyman MiBe)
 25088 | D:13     | Found a gate to the Vaults.
 25096 | D:13     | Received a gift from Okawaru
 25104 | D:13     | Got an ichor-stained chain mail {god gift}
 25136 | D:13     | Reached skill level 17 in Axes
 25150 | D:13     | Identified the +5 chain mail of the Present {Will+ Int+4}
                  | (Okawaru gifted it to you on level 13 of the Dungeon)
 25227 | D:13     | Reached skill level 1 in Dodging
 25227 | D:13     | Reached XP level 15. HP: 103/126 MP: 19/21
 25282 | D:13     | Found a transporter.
 25959 | D:14     | Found a sacrificial altar of Ru.
 26162 | D:15     | Entered Level 15 of the Dungeon
 26311 | D:15     | Found a hazy altar of Hepliaklqana.
 26672 | D:15     | Found a staircase to the Depths.
 27069 | Orc:1    | Entered Level 1 of the Orcish Mines
 27151 | Orc:1    | Found a frozen archway.
 27158 | Orc:1    | Received a gift from Okawaru
 27170 | Orc:1    | Got a masterwork hat {god gift}
 27184 | Orc:1    | Identified the +4 hat of Axzoshra {Regen+ Int+3 SInv}
                  | (Okawaru gifted it to you on level 1 of the Orcish Mines)
 27203 | IceCv    | Entered an ice cave
 27220 | IceCv    | Reached skill level 18 in Axes
 27856 | Orc:2    | Entered Level 2 of the Orcish Mines
 27856 | Orc:2    | Found Fenus's Antique Armour Shoppe.
 27973 | Orc:2    | Found Uxkay's General Store.
 27995 | Orc:2    | Found Usuem's Book Shoppe.
 28017 | Orc:2    | Found Evuprihi's Book Boutique.
 28024 | Orc:2    | Found Mocaugac's Magic Scroll Shoppe.
 28031 | Orc:2    | Bought a scroll of identify for 22 gold pieces
 28031 | Orc:2    | Bought a scroll of identify for 22 gold pieces
 28031 | Orc:2    | Bought 2 scrolls of identify for 44 gold pieces
 28031 | Orc:2    | Bought a scroll of enchant armour for 82 gold pieces
 28031 | Orc:2    | Bought a scroll of enchant weapon for 82 gold pieces
 28056 | Orc:2    | Found Hecat's Book Shoppe.
 28063 | Orc:1    | Found Zeiqah's Antique Weapon Boutique.
 28316 | Orc:2    | Found Witwoxt's Antique Weapon Shoppe.
 28352 | Orc:2    | Found Zamuen's Book Shop.
 28367 | Orc:2    | Reached skill level 5 in Dodging
 28398 | Orc:2    | Found a staircase to the Elven Halls.
 28426 | Orc:2    | Bought 2 potions of heal wounds for 120 gold pieces
 28426 | Orc:2    | Bought 2 potions of heal wounds for 120 gold pieces
 28426 | Orc:2    | Bought a tin of tremorstones (2/2) for 480 gold pieces
 28426 | Orc:2    | Bought a scroll of enchant weapon for 90 gold pieces
 28554 | Orc:2    | Found Ojoor's Jewellery Boutique.
 28572 | Orc:2    | Reached skill level 1 in Evocations
 29029 | Spider:1 | Entered Level 1 of the Spider Nest
 29900 | Spider:2 | Noticed Asterion
 29994 | Spider:1 | Reached XP level 16. HP: 95/134 MP: 22/22
 30337 | Spider:2 | Reached skill level 19 in Axes
 30524 | Spider:2 | Gained mutation: Your magical capacity is low. (-10% MP) [a
                  | cacodemon]
 30533 | Spider:2 | Killed Asterion
 30533 | Spider:2 | Received a gift from Okawaru
 31675 | Spider:4 | Entered Level 4 of the Spider Nest
 31799 | Spider:4 | Reached skill level 5 in Evocations
 32088 | Spider:4 | Received a gift from Okawaru
 32453 | Spider:4 | Reached skill level 20 in Axes
 32706 | Spider:4 | Reached XP level 17. HP: 125/141 MP: 20/20
 32772 | Spider:4 | Received a gift from Okawaru
 32818 | Spider:4 | Got a gossamer rune of Zot
 33140 | Swamp:1  | Entered Level 1 of the Swamp
 33972 | Swamp:2  | Received a gift from Okawaru
 34393 | Swamp:3  | Noticed Louise
 34511 | Swamp:3  | Killed Louise
 34511 | Swamp:3  | Received a gift from Okawaru
 34865 | Swamp:4  | Entered Level 4 of the Swamp
 34988 | Swamp:4  | Received a gift from Okawaru
 35191 | Swamp:4  | Reached skill level 10 in Fighting
 35230 | Swamp:4  | Received a gift from Okawaru
 35231 | Swamp:4  | Reached XP level 18. HP: 146/157 MP: 21/21
 35407 | Swamp:4  | Got a decaying rune of Zot
 35762 | Vaults:1 | Entered Level 1 of the Vaults
 36133 | Vaults:1 | Found the +9 heavy crossbow "Sniper" {vorpal, Acc+∞ SInv}
 36199 | Vaults:1 | Received a gift from Okawaru
 36202 | Vaults:1 | Identified the +3 barding of Miracles {*Corrode rElec
                  | Dex+3} (Okawaru gifted it to you on level 1 of the Vaults)
 36433 | Vaults:1 | Identified the +3 kite shield of Inference {rC++} (You
                  | found it on level 1 of the Vaults)
 37234 | Vaults:2 | Reached skill level 10 in Evocations
 37401 | Vaults:2 | Noticed a Hell Sentinel
 37613 | Vaults:2 | Found Qatzixt's Magic Scroll Shop.
 37623 | Vaults:2 | Bought a scroll of magic mapping for 45 gold pieces
 37623 | Vaults:2 | Bought a scroll of enchant armour for 97 gold pieces
 37623 | Vaults:2 | Bought a scroll of teleportation for 39 gold pieces
 37623 | Vaults:2 | Bought a scroll of identify for 26 gold pieces
 37623 | Vaults:2 | Bought a scroll of identify for 26 gold pieces
 37996 | Vaults:2 | Received a gift from Okawaru
 38185 | Vaults:2 | Received a gift from Okawaru
 38198 | Vaults:2 | Identified the -6 pair of gloves of the Gate {rPois}
                  | (Okawaru gifted it to you on level 2 of the Vaults)
 38258 | Vaults:2 | Found a portal to a secret trove of treasure.
 38296 | Vaults:2 | Reached XP level 19. HP: 165/171 MP: 22/22
 38619 | Vaults:3 | Found Iduuz Fet's Jewellery Shop.
 38708 | Vaults:3 | Noticed Saint Roka
 38736 | Vaults:3 | Killed Saint Roka
 38772 | Vaults:3 | Reached skill level 15 in Armour
 38775 | Vaults:3 | Found a staircase to the Crypt.
 38865 | Vaults:3 | Received a gift from Okawaru
 38964 | Vaults:3 | Found a ruined gateway.
 39001 | Desolati | Entered the Desolation of Salt
 39253 | Desolati | Received a gift from Okawaru
 39450 | Desolati | Identified Jipaja Pyoll's Tome of the Mutagenic Voyage
 39454 | Desolati | Identified the Tome of Torrid Hexes
 39754 | Desolati | Received a gift from Okawaru
 39755 | Desolati | Reached XP level 20. HP: 171/187 MP: 23/23
 39770 | Desolati | Got a brightly glowing bone ring
 39771 | Desolati | Identified the ring "Qyugusm" {*Corrode rElec MP+9 Slay+5
                  | Stlth+} (You found it in the Desolation of Salt)
 40550 | Vaults:3 | Reached skill level 15 in Fighting
 40785 | Vaults:3 | Identified the Guide on the Arsonist and Conjuration
 40844 | Vaults:4 | Noticed Mara
 40867 | Vaults:4 | Killed Mara
 40867 | Vaults:4 | Received a gift from Okawaru
 41969 | Vaults:4 | Received a gift from Okawaru
 42238 | Vaults:5 | Entered Level 5 of the Vaults
 42256 | Vaults:4 | Reached XP level 21. HP: 97/196 MP: 24/24
 42576 | Vaults:5 | Noticed an ancient lich
 42587 | Vaults:5 | Killed an ancient lich
 42587 | Vaults:5 | Received a gift from Okawaru
 42601 | Vaults:5 | Noticed Sojobo
 42636 | Vaults:5 | Received a gift from Okawaru
 42654 | Vaults:5 | Killed Sojobo
 42816 | Vaults:5 | Noticed Xtahua
 42825 | Vaults:5 | Killed Xtahua
 42827 | Vaults:5 | Received a gift from Okawaru
 42841 | Vaults:5 | Received a gift from Okawaru
 43105 | Vaults:5 | Noticed a golden dragon
 43123 | Vaults:5 | Reached skill level 10 in Throwing
 43123 | Vaults:5 | Reached skill level 10 in Dodging
 43123 | Vaults:5 | Reached XP level 22. HP: 198/205 MP: 19/25
 43135 | Vaults:5 | Killed a golden dragon
 43287 | Vaults:5 | Got a silver rune of Zot
 43701 | Vaults:5 | Found the +3 robe of Clouds {+Thunder rCloud rElec}
 44182 | D:13     | Killed dredge's ghost
 44392 | D:8      | Killed promet's ghost
 44602 | Depths:1 | Entered Level 1 of the Depths
 44658 | Depths:1 | Received a gift from Okawaru
 44694 | Depths:1 | Found a gateway to Hell.
 44881 | Depths:1 | Found a one-way gate leading to the halls of Pandemonium.
 44953 | Depths:1 | Identified the Handbook of Flight
 44983 | Depths:1 | Found a snail-covered altar of Cheibriados.
 44993 | Depths:1 | Found a one-way gate to the infinite horrors of the Abyss.
 45755 | Depths:2 | Found a viscous altar of Jiyva.
 45822 | Depths:2 | Found a transporter.
 45827 | Depths:2 | Found a transporter.
 45873 | Depths:2 | Received a gift from Okawaru
 45911 | Depths:2 | Identified the ring of Xom's Full Attention {rN+ Str+4
                  | Int+6} (You found it on level 2 of the Depths)
 46274 | Depths:3 | Received a gift from Okawaru
 46452 | Depths:3 | Found a gateway to a ziggurat.
 46455 | Depths:3 | Paralysed by a floating eye for 2 turns
 46461 | Depths:3 | Paralysed by a floating eye for 3 turns
 46465 | Depths:3 | Received a gift from Okawaru
 46493 | Zig:1    | Entered Level 1 of a ziggurat
 46531 | Zig:2    | Entered Level 2 of a ziggurat
 46544 | Zig:2    | Reached XP level 23. HP: 212/212 MP: 26/26
 46561 | Zig:3    | Entered Level 3 of a ziggurat
 46580 | Zig:3    | Identified the +8 broad axe of Annihilation {antimagic,
                  | rPois} (You found it on level 3 of a ziggurat)
 46596 | Zig:4    | Entered Level 4 of a ziggurat
 46638 | Zig:5    | Entered Level 5 of a ziggurat
 46685 | Zig:5    | Identified the quicksilver dragon scales of the Lost Path
                  | {rElec rPois rF- Will+} (You found it on level 5 of a
                  | ziggurat)
 46687 | Zig:6    | Entered Level 6 of a ziggurat
 46698 | Zig:6    | Noticed a royal mummy
 46718 | Zig:6    | Killed a royal mummy
 46747 | Zig:6    | Identified Sif Muna's Incunabulum of Warped Battle Magic
 46855 | Zig:7    | Entered Level 7 of a ziggurat
 47056 | Zig:8    | Entered Level 8 of a ziggurat
 47117 | Zig:8    | Got a heavily runed bone ring
 47118 | Zig:8    | Identified the ring of the Monkey's Uncle {Str+2 Int+6}
                  | (You found it on level 8 of a ziggurat)
 47131 | Zig:8    | Got a slimy lapis lazuli ring
 47132 | Zig:8    | Identified the ring "Xaes" {*Contam +Fly Will+ Dex+6} (You
                  | found it on level 8 of a ziggurat)
 47140 | Zig:9    | Entered Level 9 of a ziggurat
 47144 | Zig:9    | Noticed a shard shrike
 47161 | Zig:9    | Killed a shard shrike
 47240 | Zig:10   | Entered Level 10 of a ziggurat
 47249 | Zig:10   | Noticed an ancient lich
 47262 | Zig:10   | Received a gift from Okawaru
 47278 | Zig:10   | Collided with an unnaturally hard rock wall

Illustrated notes

Levels and vault maps discovered:
D:1:      grunt_arrival_lava_bath, layout_basic
D:2:      minmay_recursive_quarters, layout_loops_ring,
          eat_drink_and_be_merry_uskayaw
D:3:      layout_basic, minmay_misc_feat_iff, chequers_serial_rivers_room_b,
          nicolae_tso_swordbearing_angel
D:4:      layout_loops_cross, minmay_misc_feat_cross,
          ebering_dispersal_statue_hall, nicolae_dithmenos_shadow_blocks,
          uniq_grinder
D:5:      kennysheep_spiral_hall, layout_loops_ring
D:6:      layout_rooms, minmay_temple_entry_antechambers,
          nicolae_ashenzari_panopticon, uniq_blork_the_orc, uniq_edmund,
          uniq_duvessa
D:7:      layout_gridville, serial_shops, shop
D:8:      layout_basic, dpeg_lair_monsters, biasface_ghost_orc_armoury,
          fungi_pond_lemuel, grunt_ministairs_10, uniq_pikel
D:9:      layout_rooms, basic_altar
D:10:     layout_roguey
D:11:     gammafunk_indiana_jones, layout_rooms, enter_bailey_5,
          lemuel_tele_altar, uniq_erolcha
D:12:     layout_loops_ring, orc_0_dummy, uniq_maurice
D:13:     layout_cave_pools, david_vaults_2, nzn_ghost_randoct, drop_trap
D:14:     layout_roguey, nicolae_ru_awakened_eye
D:15:     grunt_enter_depths_hoard, layout_small_grid,
          hangedman_decor_diamond_cutter, basic_altar
Temple:   kilobyte_greek_temple
Lair:1:   layout_small_grid, serial_bayou_shore_b
Lair:2:   dragon1_lemuel, layout_small_grid, spider_nest_entry_funnel_web,
          uniq_fannar
Lair:3:   layout_regular_city, minivault_26, minmay_stone_trees_small,
          grunt_megastairs_1, lemuel_fruit_fields
Lair:4:   layout_layer_cave, minmay_swamp_entry_reptiles
Lair:5:   cheibrodos_magma_flow, layout_misc_corridors, slime_altar_2
Lair:6:   evilmike_catoblepas_cave, layout_hall_layers, dpeg_oklob_1, uniq_kirke
Swamp:1:  layout_falls_marsh, evilmike_swamp_ruin_rubble_2,
          cheibrodos_swamp_pet_leeches
Swamp:2:  layout_basic_swamp, hangedman_swamp_lotus, swamp_pool1,
          lightli_tree_ring
Swamp:3:  layout_falls_marsh, evilmike_swamp_ruin_house_3, uniq_louise
Swamp:4:  swamp, layout_basic_swamp, swamp_pool3
Spider:1: layout_spider_delve
Spider:2: layout_spider_delve, guppyfry_spider_mini_2, uniq_asterion
Spider:3: layout_spider_delve, nicolae_crawler_farm
Spider:4: floodkiller_spider_rune_tomb
Orc:1:    layout_diamond_mine, serial_shops, shop_statue, portal_ice_cave_rime
Orc:2:    grunt_orc_gardens, layout_caves, grunt_orc_garden, grunt_orc_garden,
          grunt_orc_garden, grunt_orc_garden, serial_shops, shop, shop,
          nicolae_shop_waterfront, nicolae_shop_stone, shop_statue
Vaults:1: grunt_vaults_swirl, st_quartered_hall, v_misc_2, v_misc_24,
          hangedman_vaults_impose, vaults_dpeg_ring,
          nicolae_vaults_ring_of_whatevers, v_misc_24,
          nicolae_vaults_hallways_thing, nicolae_vaults_yaktaur_gun_rack,
          nicolae_vaults_network_quinsquares
          [nicolae_vaults_network_quincunx_subvault,
          nicolae_vaults_network_quincunx_subvault,
          nicolae_vaults_network_quincunx_subvault,
          nicolae_vaults_network_quincunx_subvault],
          ontoclasm_vaults_claustrophobia, vaults_dpeg_hooks,
          vaults_standard_mumra_x, layout_vaults_omnicross
Vaults:2: vaults_room_semicircle, v_misc_18, ontoclasm_vaults_ring_small,
          v_alt_pattern_4, st_octagons_1, v_misc_26,
          nicolae_vaults_big_angled_halls, v_pattern_2, ontoclasm_vaults_idyll,
          ontoclasm_vaults_eye, v_rooms_1, nicolae_vaults_rhombus_6,
          layout_vaults_ring, serial_shops, shop_scrolls,
          nicolae_trove_entry_crystal
Vaults:3: nicolae_vaults_what_the_h, ontoclasm_vaults_fault,
          minmay_crypt_entry_simple_round, hangedman_vaults_stagger, v_misc_15,
          nicolae_vaults_know_your_exits, vaults_room_fancy_cross,
          v_alt_pattern_2, vaults_room_stairs_pillars,
          hangedman_vaults_corner_blocks, nicolae_vaults_alarming,
          layout_vaults_big_room, portal_desolation_entry_nicolae_slug,
          serial_shops, shop, uniq_saint_roka
Vaults:4: ontoclasm_vaults_twist, nicolae_vaults_inception_scallops,
          hangedman_vaults_cutoff, nicolae_vaults_network_square,
          dpeg_vaults_monster_box, vaults_dpeg_doors,
          vaults_room_stairs_pillars, vaults_room_stairs_pillars,
          ontoclasm_vaults_misaligned, ontoclasm_vaults_ring_large, v_misc_27,
          vaults_room_corners, grunt_vaults_hallway_short, vaults_room_grid,
          serial_ice_g, hangedman_vaults_slither, grunt_vaults_hallway_long,
          v_misc_17, layout_vaults_omnibox, uniq_mara
Vaults:5: uniq_xtahua, uniq_sojobo
Depths:1: layout_cave_pools, pf_hell_entry_tar_river,
          abyss_entry_small_statue_room, cheibriados_altar_1,
          rand_demon_pan_entry_5, ice2_lemuel
Depths:2: gammafunk_jiyva_shrine, layout_basic, chequers_serial_rivers_micro_b,
          hell_entry, minmay_staircase_windowed_small, grunt_megastairs_4
Depths:3: hangedman_box_tower, layout_gridlike, enter_ziggurat_c,
          abyss_entry_flame_altar, minivault_14, pan_entry, hell_entry,
          uniq_jory, uniq_margery, uniq_boris
Zig:10

Skill      XL: |  1  2  3  4  5  6  7  8  9 10 11 12 13 14 15 16 17 18 19 20 21 22 23 |
---------------+----------------------------------------------------------------------+-----
Axes           | 3 4 5 6 8 10 12 13 14 15 17 18 20 | 20.0
Armour         | 3 4 5 6 7 8 9 10 11 12 13 14 15 16 17 18 19 | 19.0
Shields        | 3 4 5 6 7 8 9 |  9.0
Invocations    | 6 8 |  8.0
Throwing       | 1 4 5 6 8 10 11 12 | 12.2
Fighting       | 6 7 10 12 14 15 | 15.3
Dodging        | 1 5 7 10 13 14 | 14.0
Evocations     | 2 6 9 11 | 11.0

Action                   |  1- 3 |  4- 6 |  7- 9 | 10-12 | 13-15 | 16-18 | 19-21 | 22-24 || total
-------------------------+-------+-------+-------+-------+-------+-------+-------+-------++-------
Melee: War axe           |   100 |   140 |   185 |   171 |    74 |    53 |       |       ||   723
       Tailslap          |     8 |    21 |    50 |   135 |   208 |   246 |   291 |   164 ||  1123
       Hand axe          |       |       |   169 |   696 |     4 |       |       |       ||   869
       Broad axe         |       |       |       |    15 |  1084 |  1195 |  1138 |   742 ||  4174
Throw: Dart              |       |    10 |    22 |     5 |    15 |    34 |       |       ||    86
       Javelin           |       |       |       |       |       |     3 |       |       ||     3
Invok: Heroism           |       |       |       |    11 |    18 |    20 |    14 |    14 ||    77
       Finesse           |       |       |       |     2 |     2 |     8 |     5 |     6 ||    23
 Abil: Rolling Charge    |    12 |     7 |       |       |       |       |       |       ||    19
Evoke: Wand              |       |       |     2 |    11 |     3 |     5 |       |     1 ||    22
       Tin of tremorston |       |       |       |       |       |       |     2 |       ||     2
       Condenser vane    |       |       |       |       |       |       |       |     1 ||     1
  Use: Scroll            |       |       |    18 |    17 |    12 |    12 |     5 |    18 ||    82
       Potion            |       |       |       |     2 |       |     1 |       |     4 ||     7
 Stab: Petrified         |       |       |       |       |     9 |       |       |       ||     9
       Petrifying        |       |       |       |       |     2 |       |       |       ||     2
       Distracted        |       |       |       |       |       |     1 |     1 |     3 ||     5
       Confused          |       |       |       |       |       |       |       |     2 ||     2
Armor: Scale mail        |    51 |    51 |   120 |    31 |       |       |       |       ||   253
       Plate armour      |       |       |       |   318 |       |       |       |       ||   318
       Fire dragon scale |       |       |       |    11 |   411 |       |       |       ||   422
       Gold dragon scale |       |       |       |       |   113 |  1117 |   626 |   518 ||  2374
Dodge: Dodged            |    21 |    64 |   122 |   184 |   258 |   253 |   198 |   209 ||  1309
Block: Kite shield       |    47 |    79 |   169 |   420 |   637 |   752 |   561 |   406 ||  3071
       Reflection        |       |       |       |       |     3 |       |       |       ||     3
